 Dungeon Crawl Stone Soup version 0.20-a0-739-g6bb112f (webtiles) character file.

3133 Gorglomux the Covert (level 9, -4/61 HPs)
             Began as a Vampire Assassin on Feb 24, 2017.
             Slain by a yak (8 damage)
             ... on level 7 of the Dungeon.
             The game lasted 00:17:32 (7241 turns).

Gorglomux the Covert (Vampire Assassin)             Turns: 7241, Time: 00:17:32

Health: -4/61      AC:  3    Str: 13    XL:     9   Next: 61%
Magic:  5/16       EV: 16    Int: 15    God:
Gold:   284        SH:  0    Dex: 17    Spells: 12/18 levels left

rFire    . . .     SeeInvis +   a - +1 short sword (flame)
rCold    + . .     Gourm    .   x - +0 robe {rC+}
rNeg     + . .     Faith    .   (no shield)
rPois    .         Spirit   .   (no helmet)
rElec    .         Reflect  .   d - +0 cloak
rCorr    .         Harm     .   (no gloves)
MR       .....                  (no boots)
Stlth    +++++.....             B - amulet of rage
Regen    0.2/turn               K - +3 ring of strength
MPRegen  0.2/turn               v - +4 ring of evasion

@: no status effects
A: fangs 3, see invisible, unbreathing
a: Bat Form, Evoke Berserk Rage


You were on level 7 of the Dungeon.
You were not thirsty.

You visited 1 branch of the dungeon, and saw 7 of its levels.

You collected 284 gold pieces.

Inventory:

Hand Weapons
 a - a +1 short sword of flaming (weapon)
 b - a +0 blowgun
 y - a +2 dagger
Missiles
 e - 51 poisoned needles
 f - 9 curare-tipped needles
 R - 6 needles of confusion
Armour
 c - a +0 robe
 d - a +0 cloak (worn)
 x - a +0 robe of cold resistance (worn)
Jewellery
 v - a +4 ring of evasion (left hand)
 B - an amulet of rage (around neck)
 K - a +3 ring of strength (right hand)
Wands
 L - a wand of disintegration (5/24)
Scrolls
 r - 2 scrolls of recharging
 w - a scroll of random uselessness {unknown}
 A - a scroll of amnesia {unknown}
 C - a scroll of fear {unknown}
 E - a scroll of enchant armour {unknown}
 U - a scroll of teleportation {unknown}
 W - a scroll of remove curse {unknown}
Potions
 s - 5 potions of cancellation
 D - 2 potions of agility
 I - a potion of resistance
 J - a potion of curing
 M - a potion of haste {unknown}
 N - 2 potions of flight {unknown}
 S - 2 potions of brilliance {unknown}
 T - a potion of lignification {unknown}
 V - 2 potions of mutation {unknown}
Books
 F - a book of Necromancy

   Spells                             Type                      Level
   a - Pain                           Necromancy                   1
   b - Animate Skeleton               Necromancy                   1
   c - Vampiric Draining              Necromancy                   3
   d - Regeneration                   Charms/Necromancy            3
   e - Animate Dead                   Necromancy                   4
   f - Control Undead                 Necromancy                   4
 H - a book of Cantrips

   Spells                             Type                      Level
   a - Confusing Touch                Hexes                        1
   b - Animate Skeleton               Necromancy                   1
   c - Summon Small Mammal            Summoning                    1
   d - Apportation                    Translocation                1
 P - a book of Flames

   Spells                             Type                      Level
   a - Flame Tongue                   Conjuration/Fire             1
   b - Throw Flame                    Conjuration/Fire             2
   c - Conjure Flame                  Conjuration/Fire             3
   d - Inner Flame                    Hexes/Fire                   3
   e - Sticky Flame                   Conjuration/Fire             4
   f - Fireball                       Conjuration/Fire             5
 Q - a book of Misfortune

   Spells                             Type                      Level
   a - Confusing Touch                Hexes                        1
   b - Confuse                        Hexes                        3
   c - Gell's Gravitas                Translocation                3
   d - Petrify                        Transmutation/Earth          4
   e - Metabolic Englaciation         Hexes/Ice                    5
   f - Yara's Violent Unravelling     Hexes/Transmutation          5


   Skills:
 - Level 1.7 Fighting
 - Level 5.6 Short Blades
 - Level 1.5 Throwing
 - Level 1.1 Dodging
 - Level 11.4 Stealth
 - Level 5.0 Spellcasting
 + Level 7.0 Charms
 + Level 7.0 Necromancy


You had 12 spell levels left.
You knew the following spells:

 Your Spells              Type           Power        Failure   Level  Hunger
v - Vampiric Draining     Necr           ####......   2%          3    ###....
R - Regeneration          Chrm/Necr      ####......   2%          3    ###....


Dungeon Overview and Level Annotations

Branches:
Dungeon (7/15)             Temple (0/1) D:6

Altars:
Makhleb
Trog
The Shining One

Shops:
D:7 %


Innate Abilities, Weirdness & Mutations

You have razor-sharp teeth.
You have supernaturally acute eyesight. (SInv)
You can survive without breathing.


Message History

The yak misses you.
You barely miss the yak.
The yak is moderately wounded.
The yak gores you.
* * * LOW HITPOINT WARNING * * *
You hit the yak. You burn the yak. You bite the yak, but do no damage.
The yak is moderately wounded.
The yak misses you.
You hit the yak but do no damage. You bite the yak, but do no damage.
The yak is moderately wounded.
The yak gores you!
* * * LOW HITPOINT WARNING * * *
You hit the yak. You burn the yak.
The yak is heavily wounded.
The yak gores you!
* * * LOW HITPOINT WARNING * * *
Found 20 stones.
Your magical contamination has completely faded away.
The yak gores you!
You die...

..##>.........:...# ###
.####.............## ##.#
.####...........#..##
##.##
..##.(....#.....##..###.##
.........###....###....##
.........###....##..##.##
................##.####.#
...............Y#..# #.#
....#...........@..# #÷#
........##..#####'## ##.#
.......######..#.(# ##.##
...###..# #..#..###..#
...# #..## #..'..##..##
..## ##..####..#.%#...#
..# ##...##.?#%%#...######
..# #...÷#######.....##.#
#.## #.###..# ##.........#


You could see a yak.

Vanquished Creatures
  Joseph (D:7)
  Sigmund (D:2)
  A human (D:7)
  3 hogs (D:7)
  A water moccasin (D:7)
  An orc warrior (D:6)
  2 sky beasts (D:6)
  3 ogres
  2 phantoms
  2 centaurs (D:6)
  A bullfrog (D:6)
  A scorpion (D:6)
  2 howler monkeys
  4 crimson imps
  2 bullfrog zombies (D:5)
  A hound (D:7)
  2 bullfrog skeletons
  A gnoll shaman (D:5)
  3 orc priests
  2 jellies
  3 orc wizards
  2 iguanas
  6 worker ants
  A hound skeleton (D:6)
  7 gnolls
  3 adders
  A shadow imp (D:5)
  An ooze (D:1)
  2 adder skeletons
  2 worms (D:2)
  4 dart slugs
  3 leopard geckos
  19 orcs
  5 bats
  2 goblins
  5 hobgoblins
  7 jackals
  4 quokkas
  4 frilled lizards
  11 kobolds
  A leopard gecko skeleton (D:6)
  7 rats
136 creatures vanquished.

Notes
Turn   | Place    | Note
-------+----------+-------------------------------------------
     0 | D:1      | Gorglomux the Vampire Assassin began the quest for the Orb.
     0 | D:1      | Reached XP level 1. HP: 16/16 MP: 1/1
    44 | D:1      | Reached skill level 6 in Stealth
   298 | D:1      | Reached XP level 2. HP: 22/22 MP: 2/2
   340 | D:1      | You fall through a shaft!
   627 | D:1      | Reached skill level 3 in Short Blades
   834 | D:1      | Reached XP level 3. HP: 27/27 MP: 3/3
   965 | D:2      | Noticed Sigmund
   968 | D:2      | Killed Sigmund
   968 | D:2      | Reached skill level 8 in Stealth
   968 | D:2      | Reached XP level 4. HP: 29/33 MP: 4/4
   968 | D:2      | Reached XP level 5. HP: 34/38 MP: 5/5
  1034 | D:2      | Found a bloodstained altar of Trog.
  1395 | D:2      | Found a glowing golden altar of the Shining One.
  2274 | D:4      | Reached skill level 9 in Stealth
  2274 | D:4      | Reached XP level 6. HP: 44/44 MP: 6/6
  2565 | D:4      | Learned a level 3 spell: Regeneration
  2662 | D:5      | Entered Level 5 of the Dungeon
  2870 | D:4      | Reached skill level 10 in Stealth
  2989 | D:5      | Reached XP level 7. HP: 49/49 MP: 7/7
  3092 | D:5      | Reached skill level 11 in Stealth
  3625 | D:5      | Reached skill level 1 in Necromancy
  3639 | D:5      | Reached skill level 1 in Spellcasting
  3639 | D:5      | Reached skill level 1 in Charms
  4239 | D:5      | Learned a level 3 spell: Vampiric Draining
  4431 | D:6      | Reached XP level 8. HP: 55/55 MP: 9/11
  4471 | D:6      | Reached skill level 3 in Charms
  4471 | D:6      | Reached skill level 3 in Necromancy
  5069 | D:6      | Reached skill level 3 in Spellcasting
  5580 | D:6      | Found a staircase to the Ecumenical Temple.
  5732 | D:7      | Reached XP level 9. HP: 23/61 MP: 9/15
  6220 | D:7      | Found a burning altar of Makhleb.
  6298 | D:7      | Noticed Joseph
  6327 | D:7      | Killed Joseph
  6327 | D:7      | Reached skill level 6 in Necromancy
  6663 | D:7      | Found Ublimaro's Food Emporium.
  6712 | D:7      | Reached skill level 6 in Charms
  7226 | D:7      | HP: 1/61 [yak (8)]
  7241 | D:7      | Slain by a yak

Vault maps used:
D:1:      dpeg_arrival_renting
D:2:      bloody_trog, tso_metal_star, uniq_sigmund
D:5:      first_bread, minmay_holes
D:6:      kennysheep_spiral_hall, minmay_temple_entry_from_below_a
D:7:      lightli_temple_of_fire, serial_shops, nicolae_shop_crystal,
          grunt_livestock, grunt_ministairs_11, uniq_menkaure, uniq_joseph

Skill      XL: |  1  2  3  4  5  6  7  8  9 |
---------------+----------------------------+-----
Stealth        | 6 8 9 10 11 | 11.4
Short Blades   | 3 4 5 |  5.6
Necromancy     | 2 5 7 |  7.0
Spellcasting   | 2 4 5 |  5.0
Charms         | 2 5 7 |  7.0
Fighting       | |  1.7
Throwing       | |  1.5
Dodging        | |  1.1

Action                   |  1- 3 |  4- 6 |  7- 9 || total
-------------------------+-------+-------+-------++-------
Melee: Dagger            |    73 |     1 |       ||    74
       Bite              |     5 |    21 |    42 ||    68
       Short sword       |       |   121 |   415 ||   536
 Fire: Blowgun           |       |     2 |    21 ||    23
 Cast: Regeneration      |       |       |    28 ||    28
       Vampiric Draining |       |       |    22 ||    22
 Abil: End Transformatio |       |       |     3 ||     3
       Bat Form          |       |       |     3 ||     3
       Evoke Berserk Rag |       |       |     1 ||     1
  Use: Potion            |       |    12 |    17 ||    29
       Scroll            |       |     4 |     2 ||     6
 Stab: Sleeping          |    10 |    13 |    17 ||    40
       Distracted        |       |     1 |     1 ||     2
Armor: Robe              |    13 |    15 |    28 ||    56
Dodge: Dodged            |    45 |    66 |   236 ||   347
